Unix NetHack Version 5.0.0-0 post-release - last build May 23 2026 06:08:33 (1c0ff79ee797540d5714e4e18072db0edd9e58ae,branch:main).

Game began 2026-05-25 17:29:23, ended 2026-05-25 18:28:17.

ArrBianca, lawful female dwarven Valkyrie

                     -----------------------------------------------------
                     |.............................|........(............|
                     |..---------------------------|...---.-------------.|
                     |..|.....*....................|...| ---      -----|.|
                     |.............).<%............|...---        |...||.|
                     |..|............[)()..........---....|     ---...||.|
                     |..|.................)).........|...)|     |.....||.|
                     |..------------------------------).---     |..----|.|
                     |)%....@.....f.*...................|       |..|   |.|
                     |..------------------------------..------  |..|   |.|
                     |.(|                            |...[...|---..-----.|
                     |..|                            ---.----|..*........|
                     |..-                              |.|...|------------
                      ..                               |.|.{.-------------
                                                       |.|.....(.........|
                                                       |.---------------.|
                                                       |......%..........|
                                                       -------------------
ArrBianca the Fighter       St:14 Dx:13 Co:18 In:8 Wi:10 Ch:11  Lawful
Dlvl:12 $:952 HP:0(88) Pw:5(5) AC:-3 Xp:8 T:6193 

Latest messages:
 The leocrotta misses!
 The leocrotta hits!
 You miss the leocrotta.
 The leocrotta misses!
 The leocrotta misses!
 The leocrotta hits!
 The leocrotta hits!
 The leocrotta bites!
 The leocrotta hits!
 You hit the leocrotta.
 The leocrotta hits!
 The leocrotta misses!
 The leocrotta misses!
 You miss the leocrotta.
 The leocrotta hits!
 The leocrotta misses!
 The leocrotta hits!
 You hit the leocrotta!
 You hit the leocrotta!
 The leocrotta hits!
 The leocrotta misses!
 The leocrotta hits!
 You kill the leocrotta!
 You see here a leocrotta corpse.
 The werewolf puts on an orcish helm.
 You swap places with your large cat.
 You see here a yellowish brown gem.
 The soldier ant bites!
 The soldier ant misses!
 You hit the soldier ant!
 The soldier ant bites!
 The soldier ant misses!
 The soldier ant misses!
 The soldier ant misses!
 You miss the soldier ant.
 The soldier ant misses!
 The soldier ant misses!
 You hit the soldier ant.
 The soldier ant misses!
 The soldier ant stings!
 You kill the soldier ant!
 The werewolf zaps a wand of striking!
 You stop searching.
 The wand misses the large cat.
 The wand misses you.
 The werewolf zaps a wand of striking!
 The wand hits the large cat!
 The wand hits you!
 You die...
 Do you want your possessions identified? [ynq] (y) q

Inventory:
 Coins    ('$')
  $ - 952 gold pieces
 Weapons  (')')
  u - a +0 sling
  a - a blessed rusty +1 dwarvish spear (weapon in right hand)
 Armor    ('[')
  k - an uncursed rusty +1 orcish helm (being worn)
  J - an uncursed +0 pair of iron shoes (being worn)
  c - an uncursed +3 small shield (being worn)
  I - an uncursed +0 dwarvish mithril-coat (being worn)
 Comestibles  ('%')
  o - an uncursed C-ration
  P - 3 uncursed sprigs of wolfsbane
 Scrolls  ('?')
  W - an uncursed scroll of destroy armor
  g - an uncursed scroll of magic mapping
 Potions  ('!')
  d - a cursed potion of blindness
  H - an uncursed potion of confusion
  r - an uncursed potion of gain level
  V - an uncursed potion of object detection
  f - a cursed potion of see invisible
  h - an uncursed potion of sleeping
 Rings    ('=')
  K - an uncursed ring of cold resistance
  Z - an uncursed ring of cold resistance
  x - an uncursed ring of polymorph control
  i - an uncursed ring of regeneration
  m - an uncursed ring of shock resistance (on right hand)
  X - an uncursed ring of warning
 Wands    ('/')
  q - a wand of create monster (0:11)
  L - a wand of make invisible (0:5)
  R - a wand of opening (0:5)
  p - a cursed wand of sleep (0:4)
  T - a wand of teleportation (0:2)
 Tools    ('(')
  U - a bag of tricks (0:7)
  w - an uncursed lock pick
  l - a blessed magic lamp
  e - an uncursed oil lamp
  n - an uncursed oil lamp
  E - a +0 pick-axe
  N - an uncursed skeleton key
  S - an uncursed stethoscope
  s - an uncursed tin whistle
  A - a +0 unicorn horn
  O - a +0 unicorn horn
  z - 4 uncursed partly used wax candles
 Gems/Stones  ('*')
  y - an uncursed worthless piece of violet glass
  v - 4 uncursed flint stones

ArrBianca the Valkyrie's attributes:

Background:
 You were a Fighter, a level 8 dwarven Valkyrie.
 You were lawful, on a mission for Tyr
 who was opposed by Odin (neutral) and Loki (chaotic).
 You were right-handed.
 You were in the Gnomish Mines, on level 12.
 You entered the dungeon 6193 turns ago.
 You had 2433 experience points, 127 more were needed to attain level 9.

Basics:
 You had 0 out of 88 hit points.
 You had all 5 energy points (spell power).
 Your armor class was -3.
 Your wallet contained 952 zorkmids.
 Autopickup was on for '$?!/="+%' plus thrown, with exceptions.

Final Characteristics:
 Your strength was 14 (peak:17, limit:18/100).
 Your dexterity was 13 (limit:20).
 Your constitution was 18 (limit:20).
 Your intelligence was 8 (limit:16).
 Your wisdom was 10 (limit:16).
 Your charisma was 11 (limit:16).

Final Status:
 You weren't hungry.
 You were unencumbered.
 You were wielding a spear.
 You had expert skill with spear.

Final Attributes:
 You were piously aligned.
 You were cold resistant.
 You were shock resistant.
 Your items were protected from electric shocks.
 You were poison resistant.
 You were telepathic.
 You had infravision.
 You were invisible.
 You were stealthy.
 You were guarded.
 You were fast.
 You are dead.

Miscellaneous:
 You didn't encounter any bones levels.
 Total elapsed playing time was 58 minutes and 54 seconds.

Major events:
 Turn
    1: ArrBianca the lawful dwarven Valkyrie entered the dungeon
  923: entered the Gnomish Mines
 1092: attained the rank of Skirmisher (level 3)
 1157: reached Mine Town
 2910: attained the rank of Fighter (level 6)
 6193: killed by a wand

You didn't know any spells.

Skills:
 Fighting Skills
   bare handed combat [Unskilled]
   two weapon combat  [Unskilled]
   riding             [Unskilled]
 Weapon Skills
   dagger             [Basic]
   axe                [Unskilled]
   pick-axe           [Unskilled]
   short sword        [Unskilled]
   broadsword         [Unskilled]
   long sword         [Unskilled]
   two-handed sword   [Unskilled]
   saber              [Unskilled]
   hammer             [Unskilled]
   quarterstaff       [Unskilled]
   polearms           [Unskilled]
   spear              [Expert]
   trident            [Unskilled]
   lance              [Unskilled]
   sling              [Unskilled]
 Spellcasting Skills
   attack spells      [Unskilled]
   escape spells      [Unskilled]

Voluntary challenges:
 Character rerolling was not enabled.
 You never genocided any monsters.
 You never polymorphed an object.
 You never changed form.
 You used no wishes.
Achievements:
 You entered the Gnomish Mines.
 You attained the rank of Skirmisher.
 You entered Minetown.
 You attained the rank of Fighter.

 The Dungeons of Doom: levels 1 to 4
    Level 1:
       A sink, a grave.
    Level 2:
    Level 3:
    Level 4:
       Stairs down to The Gnomish Mines.
 The Gnomish Mines: levels 5 to 12
    Level 5:
    Level 6:
    Level 7:
       An altar, a fountain.
    Level 8:
    Level 9:
    Level 10:
    Level 11:
    Level 12: <- You were here.
       A fountain.
       Final resting place for
          you, killed by a wand.


Vanquished creatures:
  a mind flayer
  4 wargs
  a large dog
  a flaming sphere
  a leocrotta
  a Grey-elf
  a chameleon
  a giant beetle
  2 winter wolf cubs
  2 gremlins
  a leprechaun
 an orc-captain
  3 giant spiders
  a black light
  2 gnome rulers
 an owlbear
  a Green-elf
  a lizard
  a chickatrice
  2 dingoes
  2 black unicorns
  2 dust vortices
  a soldier ant
  a quasit
  a water nymph
  3 Mordor orcs
  6 Uruk-hai
  2 orc shamans
  a rock piercer
  2 ponies
  a fog cloud
  a yellow light
  2 shriekers
  a violet fungus
 11 gnome leaders
  2 gnomish wizards
  3 giant ants
  a floating eye
  5 dwarves
 22 hill orcs
  9 rothes
  a centipede
  3 giant bats
  2 dwarf zombies
  a wererat
  2 iguanas
  3 acid blobs
  3 coyotes
  3 hobbits
  a hobgoblin
  2 orcs
  7 giant rats
  a yellow mold
 37 gnomes
  2 garter snakes
  2 geckos
  3 jackals
  2 foxes
  4 goblins
  6 grid bugs
  3 bats
  a lichen
  a kobold zombie
  9 newts
207 creatures vanquished.

No species were genocided or became extinct.

Game over:
                       ----------
                      /          \
                     /    REST    \
                    /      IN      \
                   /     PEACE      \
                  /                  \
                  |    ArrBianca     |
                  |      952 Au      |
                  | killed by a wand |
                  |                  |
                  |                  |
                  |                  |
                  |       2026       |
                 *|     *  *  *      | *
        _________)/\\_//(\/(/\)/\//\/|_)_______

Farvel ArrBianca the Valkyrie...

You died in The Gnomish Mines on dungeon level 12 with 11199 points,
and 952 pieces of gold, after 6193 moves.
You were level 8 with a maximum of 88 hit points when you died.

